 Dungeon Sprint DCSS version 0.18-a0-33-g9e10395 (console) character file.

7680 Kellhus the Severer (level 10, -6/92 HPs)
             Began as a Demigod Fighter on Nov 5, 2015.
             Killed by divine providence
             ... invoked by an orc priest
              (13 damage)
             ... in the Dungeon (Sprint IX: "|||||||||||||||||||||||||||||").
             The game lasted 00:06:25 (1725 turns).

Kellhus the Severer (Demigod Fighter)               Turns: 1725, Time: 00:06:25

Health: -6/92      AC: 18    Str: 24    XL:     10   Next: 67%
Magic:  13/13      EV: 12    Int: 12    God:
Gold:   9          SH: 14    Dex: 29    Spells: 0 memorised, 9 levels left

rFire  . . .     SeeInvis .     a - +8 broad axe {speed, MR+ Str+2}
rCold  . . .     Clarity  .     u - +1 chain mail
rNeg   . . .     SustAt   +     c - +0 shield
rPois  .         Gourm    .     q - +0 helmet
rElec  .         Spirit   .     x - +2 cloak {+Inv}
rCorr  .         Warding  .     (no gloves)
rMut   .         NoTele   +     G - +0 pair of boots
MR     ++...                    (no amulet)
Stlth  ..........               t - +3 ring of strength
                                s - +3 ring of dexterity

@: agile, very slightly contaminated, hasted, very quick, very resistant to
hostile enchantments, extremely unstealthy
A: high mp 1, sustain attributes
a: Evoke Invisibility


You were in the Dungeon.
You were hungry.

You visited 1 branch You collected 9 gold pieces.

Inventory:

Hand Weapons
 a - the +8 mithril axe "Arga" (weapon) {speed, MR+ Str+2}
   (You found it in the Dungeon)

   Attacks with this weapon are significantly faster.
   It affects your strength (+2).
   It affects your resistance to hostile enchantments.
 p - a +0 long sword
 v - a +2 scimitar of flaming
Armour
 b - a +0 scale mail
 c - a +0 shield (worn)
 q - a +0 helmet (worn)
 r - a +0 cloak
 u - a +1 chain mail (worn)
 x - a +2 cloak of invisibility (worn)
 G - a +0 pair of boots (worn)
Jewellery
 s - a +3 ring of dexterity (left hand)
 t - a +3 ring of strength (right hand)
Wands
 o - a wand of fire (1)
Scrolls
 k - 2 scrolls of blinking
 m - 6 scrolls of remove curse
 n - 2 scrolls of amnesia
 A - a scroll of identify
 B - a scroll of fear
 C - a scroll of recharging
Potions
 d - a potion of might
 f - 8 potions of curing
 i - 4 potions of magic
 j - 3 potions of cure mutation
 z - a potion of flight
Comestibles
 e - 13 bread rations
 E - 40 fruits
 F - 12 meat rations


   Skills:
 + Level 9.7 Fighting
 - Level 8.4 Long Blades
 - Level 16.2 Axes
 + Level 9.7 Armour
 + Level 9.7 Shields


You had 9 spell levels left.
You didn't know any spells.

Dungeon Overview and Level Annotations

Branches:
Dungeon (1/1)


Innate Abilities, Weirdness & Mutations

You have an increased reservoir of magic (+10% MP).
Your attributes are resistant to harm.


Message History

You hit the orc priest.
The orc priest is heavily wounded.
You are feeling hungry.
Your chain mail prevents you from hitting the orc priest.
The orc priest is heavily wounded.
You hit the orc priest.
The orc priest is heavily wounded.
You slash the orc priest!
You kill the orc priest!
Your shield and chain mail prevent you from hitting the orc wizard.
You closely miss the orc wizard. The orc wizard barely misses you.
You slash the orc wizard!
The orc wizard is almost dead.
You closely miss the orc wizard.
The orc wizard is almost dead.
You slash the orc wizard!
You kill the orc wizard!
The orc priest invokes the aid of Beogh against you.
Something smites you!
You die...

▓▓▓▓▓▓▓▓▓▓▓▓▓▓▓▓▓▓▓▓▓▓▓
▓<....))....'.....'____
▓▓▓▓▓▓▓▓▓▓▓▓▓▓▓▓▓▓▓▓▓▓▓
▓............).........
▓.▓▓▓▓▓▓▓▓▓▓▓▓▓▓▓▓▓▓▓▓▓
▓.......'..†..†|).....÷
▓▓▓▓▓▓▓▓▓▓▓▓▓▓▓▓▓▓▓▓▓▓▓
▓).o..@................
▓o▓▓▓▓▓▓▓▓▓▓▓▓▓▓▓▓▓▓▓▓▓
▓.....oo...o..'C$$$oo
▓▓▓▓▓▓▓▓▓▓▓▓▓▓▓▓▓▓▓▓▓


You could see an orc priest and an orc.

Vanquished Creatures
  A stone giant (D)
  A hydra (D)
  A hill giant (D)
  A black mamba (D)
  An elephant (D)
  Maurice (D)
  2 spiny frogs (D)
  An efreet (D)
  A two-headed ogre (D)
  A tengu conjurer (D)
  A giant leech (D)
  4 blink frogs (D)
  A trapdoor spider (D)
  2 wyverns (D)
  A wraith (D)
  A deep elf mage (D)
  2 vampire mosquitoes (D)
  3 porcupines (D)
  2 water moccasins (D)
  An ogre (D)
  3 crocodiles (D)
  An ice beast (D)
  4 giant frogs (D)
  An orc wizard (D)
  2 orc priests (D)
  An iguana (D)
  A sheep (D)
  An adder (D)
  A river rat (D)
  A shadow imp (D)
  A giant gecko (D)
  A bat zombie (D)
  A goblin (D)
  4 hobgoblins (D)
  A ball python skeleton (D)
53 creatures vanquished.

Notes
Turn   | Place    | Note
--------------------------------------------------------------
     0 | D        | Kellhus the Demigod Fighter began the quest for the Orb.
     0 | D        | Reached XP level 1. HP: 18/18 MP: 3/3
     6 | D        | Reached skill level 3 in Long Blades
    75 | D        | Noticed an ice beast
    78 | D        | Killed an ice beast
    78 | D        | Reached skill level 8 in Long Blades
    78 | D        | Reached XP level 2. HP: 25/25 MP: 4/4
    78 | D        | Reached XP level 3. HP: 30/30 MP: 5/5
    78 | D        | Reached XP level 4. HP: 37/37 MP: 6/6
   144 | D        | Found a glowing silver altar of Zin.
   144 | D        | Found a glowing golden altar of the Shining One.
   144 | D        | Found an ancient bone altar of Kikubaaqudgha.
   144 | D        | Found a basalt altar of Yredelemnul.
   144 | D        | Found a shimmering altar of Xom.
   144 | D        | Found a radiant altar of Vehumet.
   145 | D        | Found an iron altar of Okawaru.
   146 | D        | Found a burning altar of Makhleb.
   147 | D        | Found a deep blue altar of Sif Muna.
   148 | D        | Found a bloodstained altar of Trog.
   149 | D        | Found a sparkling altar of Nemelex Xobeh.
   150 | D        | Found a white marble altar of Elyvilon.
   151 | D        | Found a roughly hewn altar of Beogh.
   152 | D        | Found a viscous altar of Jiyva.
   153 | D        | Found a corrupted altar of Lugonu.
   154 | D        | Found a blossoming altar of Fedhas.
   155 | D        | Found a snail-covered altar of Cheibriados.
   156 | D        | Found a shadowy altar of Dithmenos.
   157 | D        | Found a stormy altar of Qazlal.
   158 | D        | Found an opulent altar of Gozag.
   159 | D        | Found a sacrificial altar of Ru.
   237 | D        | Noticed a two-headed ogre
   237 | D        | Noticed a wyvern
   237 | D        | Noticed a wyvern
   237 | D        | Noticed a trapdoor spider
   241 | D        | Killed a two-headed ogre
   241 | D        | Reached skill level 9 in Axes
   241 | D        | Reached XP level 5. HP: 37/42 MP: 7/7
   241 | D        | Reached XP level 6. HP: 44/50 MP: 8/8
   245 | D        | Reached skill level 10 in Axes
   252 | D        | Killed a wyvern
   252 | D        | Reached skill level 11 in Axes
   259 | D        | Killed a wyvern
   259 | D        | Reached skill level 12 in Axes
   259 | D        | Reached XP level 7. HP: 34/56 MP: 9/9
   273 | D        | Killed a trapdoor spider
   273 | D        | Reached skill level 13 in Axes
   425 | D        | Noticed an efreet
   425 | D        | Noticed a tengu conjurer
   425 | D        | Noticed a hill giant
   425 | D        | Noticed a deep elf mage
   425 | D        | Noticed a wraith
   427 | D        | Killed a tengu conjurer
   429 | D        | Killed a hill giant
   429 | D        | Reached skill level 15 in Axes
   429 | D        | Reached XP level 8. HP: 54/62 MP: 10/10
   436 | D        | Killed an efreet
   444 | D        | Reached skill level 16 in Axes
   731 | D        | Noticed Maurice
   744 | D        | Killed Maurice
   744 | D        | Reached XP level 9. HP: 46/71 MP: 11/11
   938 | D        | Reached skill level 5 in Fighting
   938 | D        | Reached skill level 5 in Armour
   938 | D        | Reached skill level 5 in Shields
   947 | D        | Noticed a black mamba
   954 | D        | Killed a black mamba
  1038 | D        | Noticed a spiny frog
  1038 | D        | Noticed a spiny frog
  1038 | D        | Noticed an elephant
  1040 | D        | Killed a spiny frog
  1043 | D        | Noticed an eight-headed hydra
  1048 | D        | Killed a spiny frog
  1250 | D        | Killed an elephant
  1268 | D        | Killed a four-headed hydra
  1268 | D        | Reached XP level 10. HP: 88/88 MP: 13/13
  1677 | D        | Noticed a stone giant
  1712 | D        | Killed a stone giant
  1725 | D        | Killed from afar by an orc priest

Vault maps used:
D:        linesprint

Action                   |  1- 3 |  4- 6 |  7- 9 | 10-12 || total
-------------------------+-------+-------+-------+-------++-------
Melee: Long sword        |    11 |     6 |       |       ||    17
       Broad axe         |       |    21 |    70 |    73 ||   164
       Scimitar          |       |       |     4 |       ||     4
Evoke: Wand              |       |       |     5 |       ||     5
  Use: Potion            |     1 |     1 |     3 |     3 ||     8
       Scroll            |       |       |     1 |       ||     1
 Stab: Invisible         |       |     5 |     1 |       ||     6
  Eat: Chunk             |       |       |     2 |     1 ||     3
